 Dungeon Crawl Stone Soup version 0.20-a0-854-g0cc194a (webtiles) character file.

15623 Duffy the Cleaver (level 12, -4/106 HPs)
             Began as a Naga Fighter on Mar 11, 2017.
             Was a Priest of Makhleb.
             Slain by an anaconda (6 damage)
             ... on level 4 of the Lair of Beasts.
             The game lasted 00:24:35 (15918 turns).

Duffy the Cleaver (Naga Fighter)                   Turns: 15918, Time: 00:24:36

Health: -4/106     AC: 15    Str: 30    XL:     12   Next: 29%
Magic:  15/15      EV:  1    Int:  8    God:    Makhleb [***...]
Gold:   691        SH: 21    Dex: 10    Spells: 11/11 levels left

rFire    . . .     SeeInvis +   a - +0 war axe
rCold    . . .     Gourm    .   s - +0 plate armour
rNeg     . . .     Faith    +   x - +2 large shield
rPois    +         Spirit   .   w - +2 helmet
rElec    .         Reflect  .   (no cloak)
rCorr    +         Harm     .   y - +0 pair of gloves
MR       ++...                  (no barding)
Stlth    ..........             u - amulet of faith
Regen    0.3/turn               o - ring of protection from magic
MPRegen  0.2/turn               r - ring of resist corrosion

@: mighty, lethally poisoned (-4 -> -11), constricted, very slow
A: see invisible, deformed body, poison resistance, slowness 2, slow metabolism
1, spit poison 1, AC +4
a: Spit Poison, Minor Destruction, Lesser Servant of Makhleb, Renounce Religion


You were on level 4 of the Lair of Beasts.
You worshipped Makhleb.
Makhleb was most pleased with you.
You were not hungry.

You visited 3 branches of the dungeon, and saw 15 of its levels.

You collected 916 gold pieces.
You spent 225 gold pieces at shops.

Inventory:

Hand Weapons
 a - a +0 war axe (weapon)
 b - a +4 hand axe of flaming
 I - the +8 frozen axe "Frostbite" (quivered) {freezing cloud, *Noise +Fly rC+}
   (You found it on level 10 of the Dungeon)

   It has been specially enchanted to freeze those struck by it, causing extra
   injury to most foes and up to half again as much damage against particularly
   susceptible opponents.
   It can also slow down cold-blooded creatures.
   It protects you from cold.
   It lets you fly.
   It may make noises in combat.
Armour
 s - a +0 plate armour (worn)
 w - a +2 helmet (worn)
 x - a +2 large shield (worn)
 y - a +0 pair of gloves (worn)
Jewellery
 o - a ring of protection from magic (right hand)
 r - a ring of resist corrosion (left hand)
 u - an amulet of faith (around neck)
Wands
 v - a wand of confusion (15/48)
 G - a wand of lightning (10/15)
 H - a wand of paralysis (15/24)
Scrolls
 c - 6 scrolls of remove curse
 j - a scroll of recharging
 m - 3 scrolls of teleportation
 t - a scroll of magic mapping
 D - 5 scrolls of immolation
 E - a scroll of brand weapon
 J - a scroll of fog {unknown}
Potions
 d - 2 potions of might
 e - a potion of haste
 g - 5 potions of curing
 h - a potion of invisibility
 k - a potion of cancellation
 l - 3 potions of resistance
 n - a potion of ambrosia
 q - 2 potions of agility
 z - a potion of lignification
 A - a potion of heal wounds
 C - a potion of berserk rage {unknown}
 F - 2 potions of mutation {unknown}
Comestibles
 f - 7 bread rations
 i - 4 fruits
 p - 5 meat rations
 B - 14 royal jellies


   Skills:
 - Level 6.5 Fighting
 + Level 11.5 Axes
 - Level 5.4 Armour
 + Level 11.0 Shields
 - Level 4.0 Invocations
 + Level 3.3 Evocations


You had 11 spell levels left.
You didn't know any spells.

Dungeon Overview and Level Annotations

Branches:
Dungeon (10/15)            Temple (1/1) D:5            Lair (4/6) D:9
    Orc (0/2) D:9
  Swamp: Lair:2-4    Shoals: Lair:2-4     Snake: Lair:2-4    Spider: Lair:2-4

Altars:
Ashenzari
Cheibriados
Dithmenos
Elyvilon
Fedhas
Gozag
Hepliaklqana
Kikubaaqudgha
Makhleb
Nemelex Xobeh
Okawaru
Qazlal
Ru
Sif Muna
Trog
Uskayaw
Vehumet
Wu Jian
Xom
Yredelemnul
Zin
The Shining One

Shops:
D:5 %(!!   D:9 *


Innate Abilities, Weirdness & Mutations

You cannot wear boots.
Your serpentine skin is tough. (AC +4)
You have supernaturally acute eyesight. (SInv)
Armour fits poorly on your strangely shaped body.
Your system is resistant to poisons. (rPois)
You cover ground very slowly.
You have a slow metabolism.
You can spit poison.


Message History

The anaconda constricts you. You block the black mamba's attack.
The black mamba bites you!
You are poisoned.
The black mamba poisons you!
You closely miss the anaconda.
The anaconda is severely wounded.
You closely miss the black mamba. You slash the black mamba!
You kill the black mamba!
Makhleb accepts your kill.
You feel better.
Your Shields skill increases to level 11!
You feel sick. You block the anaconda's attack. The anaconda constricts you.
The black mamba bites you! The anaconda bites you! The anaconda constricts you.
You slash the anaconda!
The anaconda is almost dead.
You closely miss the black mamba.
You feel sick. You block the black mamba's attack.
The anaconda barely misses you. The anaconda constricts you.
You block the black mamba's attack. The anaconda bites you.
You die...

.. #.. ##.. ## ## #..#
#####.## .#.####.####..S%..#
.........##...@S.##
..............##.#
..........##.## ..#.....
#####.%#..### .##......
#..#..P# .##.....##
#..##..######.#P...P### .
####.##.##~~#........P#.#P.
###.P...###~~~~..............
..............~...............


You could see an anaconda and a black mamba.

Vanquished Creatures
  An ugly thing (D:10)
  2 black mambas (Lair:4)
  Joseph (D:9)
  A gargoyle (D:10)
  2 spiny frogs (Lair:2)
  A rime drake (Lair:3)
  A troll (D:9)
  A polar bear (Lair:3)
  A queen bee (D:8)
  Grinder (D:6)
  4 blink frogs (Lair:2)
  3 hippogriffs (Lair:2)
  2 basilisks (Lair:3)
  5 yaks (Lair:2)
  3 wyverns
  Eustachio (D:6)
  Grum (D:8)
  4 vampire mosquitoes (D:9)
  9 water moccasins
  10 porcupines
  2 black bears
  4 ice beasts
  3 orc warriors
  A sky beast (D:10)
  4 ogres
  7 wolves
  3 phantoms
  5 centaurs
  8 crocodiles
  A big kobold (D:9)
  7 bullfrogs
  2 scorpions
  A water moccasin skeleton (D:7)
  16 killer bees
  4 wights (D:8)
  6 crimson imps
  A bullfrog zombie (D:8)
  A quasit (D:6)
  2 bullfrog skeletons
  5 hounds
  4 orc wizards
  2 jellies
  An orc priest (D:3)
  3 centaur skeletons
  6 worker ants
  A hound zombie (D:9)
  A hound skeleton (D:6)
  A worker ant zombie (D:9)
  16 adders
  3 shadow imps
  An ooze (D:1)
  An adder skeleton (D:6)
  A worm (D:2)
  7 leopard geckos
  25 orcs
  6 giant cockroaches
  6 goblins
  12 hobgoblins
  8 jackals
  10 kobolds
  2 quokkas
  2 ball pythons
  8 bats
  2 frilled lizards
  A leopard gecko skeleton (D:5)
  A quokka skeleton (D:6)
  A quokka zombie (D:9)
  7 rats
  2 plants (Lair:2)
278 creatures vanquished.

Vanquished Creatures (collateral kills)
  A catoblepas (Lair:3)
  A hydra (Lair:2)
2 creatures vanquished.

Vanquished Creatures (others)
  2 fungi
  A plant (Lair:2)
3 creatures vanquished.

Grand Total: 283 creatures vanquished

Notes
Turn   | Place    | Note
-------+----------+-------------------------------------------
     0 | D:1      | Duffy the Naga Fighter began the quest for the Orb.
     0 | D:1      | Reached XP level 1. HP: 21/21 MP: 1/1
   326 | D:1      | Reached XP level 2. HP: 24/28 MP: 2/2
   937 | D:2      | Reached XP level 3. HP: 22/34 MP: 3/3
  1304 | D:2      | Reached XP level 4. HP: 24/42 MP: 4/4
  2103 | D:3      | Found a sacrificial altar of Ru.
  2330 | D:3      | Reached XP level 5. HP: 44/49 MP: 5/5
  2609 | D:3      | Noticed an orc warrior
  2874 | D:4      | Found a basalt altar of Yredelemnul.
  3050 | D:4      | Reached XP level 6. HP: 46/56 MP: 6/6
  3389 | D:4      | Found an opulent altar of Gozag.
  3789 | D:5      | Entered Level 5 of the Dungeon
  3804 | D:5      | Reached skill level 5 in Axes
  3818 | D:5      | Found Pautol's Distillery.
  3850 | D:5      | Found Sastrume's Weapon Shop.
  3852 | D:5      | Bought a potion of heal wounds for 60 gold pieces
  3891 | D:5      | Found a blossoming altar of Fedhas.
  3892 | D:5      | Found a radiant altar of Vehumet.
  3971 | D:5      | Reached XP level 7. HP: 62/62 MP: 7/7
  4019 | D:5      | Reached skill level 5 in Shields
  4058 | D:5      | Found Viegra's Food Shop.
  4197 | D:5      | Found a faded altar of an unknown god.
  4199 | D:5      | Found a staircase to the Ecumenical Temple.
  4206 | Temple   | Entered the Ecumenical Temple
  4406 | Temple   | Became a worshipper of Makhleb the Destroyer
  4526 | D:5      | Found Sehaepso's Distillery.
  4534 | D:5      | Bought a potion of lignification for 39 gold pieces
  4534 | D:5      | Bought a potion of degeneration for 13 gold pieces
  4534 | D:5      | Bought a potion of heal wounds for 65 gold pieces
  4700 | D:4      | Reached XP level 8. HP: 67/69 MP: 8/8
  4722 | D:5      | Found a sparkling altar of Nemelex Xobeh.
  5293 | D:6      | Noticed Eustachio
  5299 | D:6      | Killed Eustachio
  5465 | D:6      | Noticed Grinder
  5477 | D:6      | Paralysed by Grinder for 2 turns
  5491 | D:6      | Killed Grinder
  5887 | D:5      | Reached XP level 9. HP: 54/75 MP: 9/9
  6311 | D:3      | Reached * piety under Makhleb
  6695 | D:5      | Bought a potion of might for 48 gold pieces
  6908 | D:7      | Found a deep blue altar of Sif Muna.
  6927 | D:7      | Found a shattered altar of Ashenzari.
  8127 | D:8      | Found a glowing silver altar of Zin.
  8128 | D:8      | Noticed an angel
  8733 | D:9      | Noticed Grum
  8919 | D:8      | Killed Grum
  9030 | D:9      | Noticed a troll
  9047 | D:9      | Reached XP level 10. HP: 76/84 MP: 10/10
  9781 | D:9      | Reached ** piety under Makhleb
  9788 | D:9      | Reached skill level 10 in Shields
  9931 | D:9      | Found a staircase to the Lair.
 10008 | D:9      | Found Owauv's Changing Room.
 10018 | D:9      | Found a hazy altar of Hepliaklqana.
 10600 | D:9      | Noticed Joseph
 10624 | D:9      | Killed Joseph
 10624 | D:9      | Reached skill level 10 in Axes
 10869 | D:9      | Found a staircase to the Orcish Mines.
 11092 | D:10     | Entered Level 10 of the Dungeon
 11132 | D:10     | Reached skill level 5 in Fighting
 11162 | D:10     | Reached XP level 11. HP: 94/94 MP: 11/11
 11435 | D:10     | Noticed a purple ugly thing
 11466 | D:10     | Killed a purple ugly thing
 11883 | Lair:1   | Entered Level 1 of the Lair of Beasts
 12240 | Lair:1   | Reached *** piety under Makhleb
 12998 | Lair:2   | Reached skill level 5 in Armour
 13164 | Lair:2   | Reached skill level 1 in Invocations
 13506 | Lair:2   | Noticed an eight-headed hydra
 13514 | Lair:2   | Killed a four-headed hydra
 14420 | Lair:3   | Reached skill level 1 in Evocations
 14420 | Lair:3   | Reached XP level 12. HP: 106/106 MP: 15/15
 14649 | Lair:3   | Noticed a catoblepas
 14668 | Lair:3   | Killed a catoblepas
 15902 | Lair:4   | Noticed an anaconda
 15918 | Lair:4   | HP: 5/106 [poisoned by a black mamba]
 15918 | Lair:4   | HP: 2/106 [anaconda (3)]
 15918 | Lair:4   | Slain by an anaconda

Vault maps used:
D:1:      lightli_arrival_isolated_outpost, nrook_uturn
D:2:      first_bread, serial_bayou_pond_b
D:3:      lemuel_crystal_altar
D:4:      kennysheep_mini_moat, kennysheep_little_box
D:5:      grunt_temple_overflow_open, nicolae_temple_entry_ecumenical,
          serial_shops, shop, shop_statue, shop,
          nicolae_shop_temple_entry_statues_fountains, nemelex_altar_shiori
D:6:      uniq_grinder, uniq_eustachio
D:7:      marbit_many_paths, ashenzari_altar_1, serial_curves, eino_curves_03,
          eino_curves_01, eino_curves_04, eino_curves_02, st_stairs_8
D:8:      zin_angel
D:9:      lemuel_doored_altar, lair_entry_dummy, orc_0_dummy, david_nohive_1,
          nicolae_transmutations_shop, uniq_joseph, uniq_grum
Temple:   nicolae_temple_figure_eight
Lair:1:   fungi_pond_lemuel
Lair:2:   wad_woods_road_03, serial_bayou_crossing
Lair:3:   serial_bayou_shore_b
Lair:4:   beast_lair_carwin_large_2, elwin_shoals_entry_stream,
          dummy_spider_entry, worms_lemuel

Skill      XL: |  1  2  3  4  5  6  7  8  9 10 11 12 |
---------------+-------------------------------------+-----
Axes           | 3 4 5 6 7 9 10 11 | 11.5
Shields        | 3 4 5 7 9 10 11 | 11.0
Armour         | 4 5 |  5.4
Fighting       | 5 6 |  6.5
Invocations    | 4 |  4.0
Evocations     | 1 3 |  3.3

Action                   |  1- 3 |  4- 6 |  7- 9 | 10-12 || total
-------------------------+-------+-------+-------+-------++-------
Melee: War axe           |    94 |   163 |   595 |   922 ||  1774
       Hand axe          |       |       |     7 |     4 ||    11
Invok: Lesser Servant of |       |       |       |     3 ||     3
 Abil: Spit Poison       |     5 |    21 |    20 |    31 ||    77
  Use: Scroll            |       |     9 |     5 |     5 ||    19
       Potion            |       |     1 |     2 |     4 ||     7
 Stab: Distracted        |       |       |       |     1 ||     1
  Eat: Chunk             |     1 |     5 |     6 |    17 ||    29
       Bread ration      |       |     1 |     2 |     1 ||     4
Armor: Scale mail        |    34 |     2 |       |       ||    36
       Plate armour      |       |    86 |   325 |   305 ||   716
       Skin              |       |       |    56 |    31 ||    87
Dodge: Dodged            |    22 |    11 |    34 |    63 ||   130
Block: Shield            |    53 |    52 |       |       ||   105
       Large shield      |       |    75 |   697 |   956 ||  1728
